 Dungeon Crawl Stone Soup version 0.18.1-48-g4cf74bf (webtiles) character file.

378 Gottschkopf the Thaumaturge (level 6, -8/32 HPs)
             Began as a Deep Elf Conjurer on Aug 1, 2016.
             Killed by divine providence
             ... invoked by an orc priest
              (9 damage)
             ... on level 4 of the Dungeon.
             The game lasted 00:06:56 (2893 turns).

Gottschkopf the Thaumaturge (Deep Elf Conjurer)     Turns: 2893, Time: 00:06:57

Health: -8/32      AC:  3    Str:  5    XL:     6   Next: 45%
Magic:  2/19       EV: 13    Int: 22    God:
Gold:   203        SH:  0    Dex: 15    Spells: 5 memorised, 5 levels left

rFire  + . .     SeeInvis +     d - +0 dagger
rCold  . . .     Gourm    .     a - +0 robe
rNeg   . . .     Faith    .     (no shield)
rPois  .         Spirit   .     i - +0 helmet
rElec  .         Dismiss  .     (no cloak)
rCorr  .         Reflect  .     (no gloves)
SustAt .         Harm     .     (no boots)
MR     .....                    v - amulet of rage
Stlth  ++........               B - ring of Pragmatism {+Fly rF+ Slay+3}
                                h - ring of see invisible

@: very slightly contaminated, slowed, very slow, not resistant to hostile
enchantments, unstealthy
A: no striking features
a: Evoke Berserk Rage, Evoke Flight


You were on level 4 of the Dungeon.
You were hungry.

You visited 1 branch of the dungeon, and saw 4 of its levels.

You collected 203 gold pieces.

Inventory:

Hand Weapons
 d - a +0 dagger (weapon)
Armour
 a - a +0 robe (worn)
 i - a +0 helmet (worn)
Jewellery
 h - a ring of see invisible (left hand)
 j - an uncursed ring of resist corrosion
 u - an uncursed ring of fire
 v - an amulet of rage (around neck)
 B - the ring of Pragmatism (right hand) {+Fly rF+ Slay+3}
   (You found it on level 4 of the Dungeon)

   [ring of flight]

   It affects your accuracy and damage with ranged weapons and melee attacks
   (+3).
   It protects you from fire.
   It lets you fly.
Scrolls
 e - 2 scrolls of identify {unknown}
 g - 3 scrolls of magic mapping {unknown}
 k - a scroll of amnesia {unknown}
 l - a scroll of recharging {unknown}
 m - a scroll of teleportation {unknown}
 o - a scroll of remove curse {unknown}
 q - 2 scrolls of immolation {unknown}
 s - a scroll of enchant armour {unknown}
 w - a scroll of enchant weapon {unknown}
 y - a scroll of random uselessness {unknown}
 A - a scroll of fear {unknown}
Potions
 f - 3 potions of heal wounds {unknown}
 p - 2 potions of brilliance {unknown}
 z - a potion of resistance {unknown}
Books
 b - a book of Conjurations

   Spells                             Type                      Level
   a - Magic Dart                     Conjuration                  1
   b - Searing Ray                    Conjuration                  2
   c - Dazzling Spray                 Conjuration/Hexes            3
   d - Fulminant Prism                Conjuration/Hexes            4
   e - Iskenderun's Mystic Blast      Conjuration                  4
   f - Iskenderun's Battlesphere      Conjuration/Charms           5
Comestibles
 c - 3 bread rations
 n - a slice of pizza
 r - a meat ration
 t - 2 beef jerkies
 x - 7 fruits


   Skills:
 - Level 2.4 Dodging
 - Level 2.4 Stealth
 - Level 8.4 Spellcasting
 + Level 4.6 Conjurations
 - Level 3.3 Charms


You had 5 spell levels left.
You knew the following spells:

 Your Spells              Type           Power        Failure   Level  Hunger
a - Magic Dart            Conj           ####         1%          1    None
b - Searing Ray           Conj           ####..       1%          2    None
c - Iskenderun's Mystic   Conj           ####....     12%         4    ###....
d - Fulminant Prism       Conj/Hex       ###.......   34%         4    ###....
e - Iskenderun's Battles  Conj/Chrm      ####....     38%         5    #####..


Dungeon Overview and Level Annotations

Branches:
Dungeon (4/15)
 Temple: D:4-7

Altars:
Fedhas
Gozag
Okawaru
Sif Muna
Xom
Yredelemnul
The Shining One


Message History

Aim: an orc priest (almost dead)
The searing ray hits the orc wizard.
The orc wizard is moderately wounded.
The orc wizard casts a spell at you.
You feel yourself slow down.
The searing ray hits the orc wizard.
The orc wizard is heavily wounded.
The orc wizard hits you but does no damage.
The orc priest invokes the aid of Beogh against you.
Beogh smites you!
* * * LOW HITPOINT WARNING * * *
The orc wizard hits you with a dagger.
* * * LOW HITPOINT WARNING * * *
The searing ray hits the orc wizard.
The orc wizard is almost dead.
The orc wizard mumbles some strange words.
The orc wizard blinks!
The orc priest invokes the aid of Beogh against you.
Beogh smites you!
You die...

#.###. ...... #.# ## .....
#.# # ... .... #># #.# ...
###########.# #.# ).
#...........#### ... #)
#.######........ #.#
#.####.# #.##.#### #.##
#.o§@.o# ##.##.#
#..####### ########
#.....#### ....(....######
#..#...#.< ##.#####......#
#........# #.# ###..###.#
##........#
#.###.#..###.##
#..........
#.##.#...##...#####
#.........#
##.#.###.....#.....#
#.....#...# ....##
##.##...###.####....###...


You could see an orc priest and an orc wizard.

Vanquished Creatures
  2 scorpions (D:4)
  An orc priest (D:3)
  An iguana (D:4)
  3 worker ants
  A hound zombie (D:4)
  6 adders
  3 worms
  2 dart slugs
  6 orcs
  10 bats
  5 giant cockroaches
  7 goblins
  5 hobgoblins
  7 jackals
  A quokka (D:4)
  A giant gecko skeleton (D:4)
  5 giant newts
  A jackal skeleton (D:4)
  5 kobolds
  8 rats
80 creatures vanquished.

Notes
Turn   | Place    | Note
--------------------------------------------------------------
     0 | D:1      | Gottschkopf the Deep Elf Conjurer began the quest for the Orb.
     0 | D:1      | Reached XP level 1. HP: 10/10 MP: 6/6
   175 | D:1      | Reached XP level 2. HP: 15/15 MP: 6/8
   194 | D:1      | Reached skill level 4 in Spellcasting
   513 | D:1      | Learned a level 2 spell: Searing Ray
   710 | D:2      | Reached XP level 3. HP: 19/19 MP: 8/11
   792 | D:2      | Reached skill level 5 in Spellcasting
  1454 | D:2      | Reached XP level 4. HP: 24/24 MP: 9/13
  1469 | D:2      | Learned a level 4 spell: Iskenderun's Mystic Blast
  1474 | D:2      | Learned a level 4 spell: Fulminant Prism
  1508 | D:3      | Reached skill level 6 in Spellcasting
  1710 | D:3      | Reached skill level 7 in Spellcasting
  1710 | D:3      | Reached XP level 5. HP: 28/28 MP: 0/16
  2091 | D:3      | Found a shimmering altar of Xom.
  2093 | D:3      | Found a blossoming altar of Fedhas.
  2094 | D:3      | Found an iron altar of Okawaru.
  2094 | D:3      | Found a basalt altar of Yredelemnul.
  2094 | D:3      | Found an opulent altar of Gozag.
  2094 | D:3      | Found a glowing golden altar of the Shining One.
  2095 | D:3      | Found a deep blue altar of Sif Muna.
  2517 | D:4      | Reached skill level 8 in Spellcasting
  2526 | D:4      | Learned a level 5 spell: Iskenderun's Battlesphere
  2611 | D:4      | Reached XP level 6. HP: 32/32 MP: 12/19
  2641 | D:4      | Got a shimmering silver ring
  2643 | D:4      | Identified the ring of Pragmatism {+Fly rF+ Slay+3} (You found it on level 4 of the Dungeon)
  2892 | D:4      | HP: 1/32 [orc wizard/dagger (1)]
  2893 | D:4      | Killed from afar by an orc priest

Skill      XL: |  1  2  3  4  5  6 |
---------------+-------------------+-----
Spellcasting   | 4 5 7 8 |  8.4
Charms         | 2 3 |  3.3
Dodging        | |  2.4
Stealth        | |  2.4
Conjurations   | |  4.6

Action                   |  1- 3 |  4- 6 || total
-------------------------+-------+-------++-------
Melee: Dagger            |       |     1 ||     1
 Cast: Magic Dart        |    84 |    71 ||   155
       Searing Ray       |     1 |    11 ||    12
       Iskenderun's Myst |       |     1 ||     1
  Eat: Chunk             |     1 |     4 ||     5
Armor: Robe              |       |     5 ||     5
Dodge: Dodged            |     6 |    11 ||    17
